AoeStats
← kaisar0615

Black Forest

507733235Analyzed
4v4 RM · 14d ago on Sep 19, 2026· 48m 8s· 8 players
Game mode
Random Map
Map size
Large (8 player)
Population
200
Speed
Normal
Resources
Standard
Victory
Conquest
Starting age
Dark Age
Ending age
Imperial Age
RankedLock teamsTeams togetherTeam positionsShared explorationLock speedFull tech treeHidden civsTurbo modeCheats
Victory
Defeat
🇰🇷 Goths · South Korea
756
+16
🇻🇳 Shu · Vietnam
754
+16
🇨🇳 Bohemians · China
747
+17
🇨🇱 Cumans · Chile
711
+19
🇹🇷 Mongols · Türkiye
796
-18
🇮🇳 Hindustanis · India
756
-17
🇮🇹 Bohemians · Italy
752
-17
🇨🇳 Khmer · China
750
-16
xxbysnipxx
11:43 Feudal Age
18:32 Castle Age
26:31 Horse Collar
xbarter
0:37 Loom
19:01 Feudal Age
21:40 Double-Bit Axe
21:37 Horse Collar
22:13 Gold Mining
22:14 Stone Mining
23:35 Man-at-Arms
24:01 Arson
Francis
0:29 Loom
14:51 Feudal Age
15:14 Horse Collar
15:24 Town Watch
15:52 Double-Bit Axe
22:45 Castle Age
kaisar0615
0:35 Loom
15:55 Feudal Age
19:02 Castle Age
21:33 Horse Collar
21:41 Double-Bit Axe
29:09 Gold Mining
29:59 Stone Mining
30:23 Bow Saw
30:18 Heavy Plow
30:32 Scale Barding Armor
31:42 Wheelbarrow
33:40 Imperial Age
31:53 Gold Shaft Mining
32:14 Fletching
33:28 Murder Holes
33:57 Ballistics
35:41 Chain Barding Armor
35:24 Padded Archer Armor
35:20 Bodkin Arrow
36:27 Chemistry
35:35 Siege Engineers
35:26 Town Watch
36:24 Double Crossbow
37:05 Plate Barding Armor
41:10 Herbal Medicine
42:17 Redemption
44:31 Leather Archer Armor
Dremora
0:58 Loom
12:33 Feudal Age
18:02 Double-Bit Axe
20:31 Fletching
20:43 Padded Archer Armor
27:37 Horse Collar
32:30 Castle Age
30:27 Gold Mining
33:18 Stone Mining
34:47 Caravan
35:29 Capped Ram
36:55 Wheelbarrow
36:05 Town Watch
36:53 Fervor
37:29 Gold Shaft Mining
37:00 Crossbowman
39:04 Thumb Ring
42:57 Hand Cart
45:12 Light Cavalry
46:03 Bloodlines
48:27 Imperial Age
46:50 Forging
46:41 Scale Mail Armor
46:46 Scale Barding Armor
46:37 Bodkin Arrow
46:57 Leather Archer Armor
rananculus
0:30 Loom
15:06 Feudal Age
15:47 Double-Bit Axe
23:37 Castle Age
21:40 Horse Collar
21:40 Man-at-Arms
22:40 Stone Mining
22:56 Gold Mining
23:46 Scale Mail Armor
25:11 Forging
25:05 Long Swordsman
27:22 Squires
28:31 Bow Saw
30:08 Stone Shaft Mining
29:46 Heavy Plow
31:15 Wheelbarrow
30:44 Town Watch
37:05 Imperial Age
35:06 Pikeman
37:04 Chain Mail Armor
37:24 Iron Casting
38:33 Hand Cart
39:07 Crop Rotation
38:45 Caravan
39:34 Ballistics
40:15 Chemistry
40:33 Perfusion
40:34 Anarchy
40:54 Conscription
39:59 Two-Handed Swordsman
42:02 Murder Holes
42:18 Masonry
42:05 Heavy Scorpion
44:39 Blast Furnace
43:09 Halberdier
46:21 Two-Man Saw
45:57 Architecture
45:44 Champion
luke_the_black_cat
0:47 Loom
14:56 Feudal Age
17:25 Double-Bit Axe
20:07 Castle Age
24:03 Bow Saw
27:01 Horse Collar
26:55 Crossbowman
31:44 Thumb Ring
35:30 Imperial Age
33:34 Fletching
34:52 Wheelbarrow
34:21 Gold Mining
34:23 Stone Mining
34:42 Bodkin Arrow
35:34 Arbalester
36:49 Bracer
38:53 Onager
41:34 Hand Cart
41:55 Ballistics
ksffvbh
0:28 Loom
18:19 Feudal Age
19:35 Wheelbarrow
19:24 Horse Collar
19:34 Double-Bit Axe
22:25 Castle Age
23:38 Hand Cart
23:49 Heavy Plow
24:02 Bow Saw
25:37 Treadmill Crane
27:15 Caravan
35:07 Imperial Age
33:58 Chemistry
33:19 Ballistics
34:00 Town Watch
36:55 Two-Man Saw
36:14 Masonry
36:00 Murder Holes
36:10 Siege Engineers
36:04 Elite Hussite Wagon
37:05 Conscription
36:53 Wagenburg Tactics
37:20 Town Patrol
37:21 Houfnice
42:22 Architecture
Connection lost

Rejoining the realm…

Still unreachable

The connection could not be restored.

Session expired

The server has moved on; the page needs a fresh start.